 Dungeon Crawl Stone Soup version 0.18-a0-1292-ge8ad84c (webtiles) character file.

398 Duffy the Digger (level 6, -1/32 HPs)
             Began as a Deep Elf Earth Elementalist on Feb 9, 2016.
             Slain by Borgoz's ghost (5 damage)
             ... on level 4 of the Dungeon.
             The game lasted 00:05:54 (4979 turns).

Duffy the Digger (Deep Elf Earth Elementalist)      Turns: 4979, Time: 00:05:54

Health: -1/32      AC:  4    Str:  5    XL:     6   Next: 53%
Magic:  1/16       EV: 13    Int: 21    God:
Gold:   170        SH:  0    Dex: 16    Spells: 3 memorised, 7 levels left

rFire  . . .     SeeInvis .     b - 78 stones
rCold  . . .     Gourm    +     a - +0 robe
rNeg   . . .     Faith    .     (no shield)
rPois  .         Spirit   .     (no helmet)
rElec  .         Dismiss  .     (no cloak)
rCorr  .         Reflect  .     q - +1 pair of gloves
SustAt +         Harm     .     (no boots)
MR     .....                    f - amulet of the gourmand
Stlth  ++........               p - ring of sustain attributes
                                k - ring of wizardry

@: not resistant to hostile enchantments, unstealthy
A: no striking features
a: no special abilities


You were on level 4 of the Dungeon.
You were very full.

You visited 1 branch of the dungeon, and saw 4 of its levels.

You collected 170 gold pieces.


   Skills:
 - Level 2.4 Dodging
 - Level 2.4 Stealth
 + Level 5.6 Spellcasting
 + Level 2.6 Conjurations
   Level 1.1 Transmutations
 * Level 6.4 Earth Magic


You had 7 spell levels left.
You knew the following spells:

 Your Spells              Type           Power        Failure   Level  Hunger
a - Sandblast             Erth           ####..       1%          1    None
c - Stone Arrow           Conj/Erth      ###...       2%          3    ##.....
l - Lee's Rapid Deconstr  Erth           ####......   10%         5    #####..

Inventory:

Missiles
 b - 78 stones (in hand)
 j - 11 poisoned needles
Armour
 a - a +0 robe (worn)
 q - a +1 pair of gloves (worn)
Jewellery
 f - an amulet of the gourmand (around neck)
 k - a ring of wizardry (left hand)
 m - a -3 ring of evasion
 p - a ring of sustain attributes (right hand)
Scrolls
 e - 2 scrolls of enchant armour
 g - 2 scrolls of remove curse
 i - a scroll of immolation {unknown}
 s - 3 scrolls of magic mapping {unknown}
 x - a scroll of amnesia {unknown}
Potions
 h - 2 potions of degeneration
 n - a potion of brilliance {unknown}
 r - a potion of berserk rage {unknown}
 t - a potion of curing
 u - a potion of heal wounds
 w - a potion of mutation {unknown}
Books
 c - a book of Geomancy
Comestibles
 d - a bread ration
 l - 8 fruits
 v - a meat ration

Dungeon Overview and Level Annotations

Branches:
Dungeon (4/15)
 Temple: D:4-7

Altars:
Fedhas
Gozag

Annotations:
D:4 Borgoz's ghost, novice HOAK


Message History

Cast which spell? (? or * to list)
You don't have enough magic to cast that spell.
Cast which spell? (? or * to list)
You don't have enough magic to cast that spell.
Cast which spell? (? or * to list)
You don't have enough magic to cast that spell.
Cast which spell? (? or * to list)
You don't have enough magic to cast that spell.
Cast which spell? (? or * to list)
You don't have enough magic to cast that spell.
Cast which spell? (? or * to list)
You don't have enough magic to cast that spell.
Cast which spell? (? or * to list)
You don't have enough magic to cast that spell.
Cast which spell? (? or * to list)
You don't have enough magic to cast that spell.
Cast which spell? (? or * to list)
You don't have enough magic to cast that spell.
Cast which spell? (? or * to list)
You don't have enough magic to cast that spell.
Cast which spell? (? or * to list)
You don't have enough magic to cast that spell.
Cast which spell? (? or * to list)
You don't have enough magic to cast that spell.
Cast which spell? (? or * to list)
You don't have enough magic to cast that spell.
Cast which spell? (? or * to list)
You don't have enough magic to cast that spell.
Cast which spell? (? or * to list)
You don't have enough magic to cast that spell.
Cast which spell? (? or * to list)
You don't have enough magic to cast that spell.
Borgoz's ghost hits you. Borgoz's ghost hits you.
You die...

### #.. ##.####
#.....###
#..##W@.#
#..####.# #
#..# ##.###..##
#..###.........
#...^...###..##
#..####.# #
#..# #.# ....#
#.# ...... ...


You could see Borgoz's ghost.

Action                   |  1- 3 |  4- 6 || total
-------------------------+-------+-------++-------
 Cast: Sandblast         |    69 |    73 ||   142
       Stone Arrow       |     1 |    45 ||    46
       Lee's Rapid Decon |       |     1 ||     1
  Use: Scroll            |       |     5 ||     5
  Eat: Chunk             |     9 |    14 ||    23

Notes
Turn   | Place    | Note
--------------------------------------------------------------
     0 | D:1      | Duffy the Deep Elf Earth Elementalist began the quest for the Orb.
     0 | D:1      | Reached XP level 1. HP: 10/10 MP: 6/6
   209 | D:1      | Reached XP level 2. HP: 15/15 MP: 6/8
   516 | D:1      | Reached skill level 4 in Earth Magic
   735 | D:1      | Reached XP level 3. HP: 13/19 MP: 5/10
  1011 | D:1      | Learned a level 3 spell: Stone Arrow
  1344 | D:2      | Reached skill level 4 in Spellcasting
  1473 | D:2      | Noticed Natasha
  1527 | D:3      | Noticed Borgoz's ghost (amateur HOAK)
  1551 | D:2      | Killed Natasha
  1729 | D:2      | Found a blossoming altar of Fedhas.
  1943 | D:2      | Reached XP level 4. HP: 24/24 MP: 10/12
  2132 | D:2      | Reached skill level 1 in Conjurations
  2382 | D:2      | Noticed Natasha
  2451 | D:2      | Killed Natasha
  2451 | D:2      | Reached skill level 5 in Earth Magic
  2666 | D:2      | Found an opulent altar of Gozag.
  2754 | D:3      | Reached XP level 5. HP: 26/28 MP: 11/14
  2788 | D:3      | Learned a level 5 spell: Lee's Rapid Deconstruction
  3248 | D:3      | Killed Borgoz's ghost
  3248 | D:3      | Reached skill level 5 in Spellcasting
  3248 | D:3      | Reached skill level 2 in Conjurations
  3248 | D:3      | Reached skill level 6 in Earth Magic
  3248 | D:3      | Reached XP level 6. HP: 21/32 MP: 5/16
  4841 | D:4      | Noticed Borgoz's ghost (novice HOAK)
  4979 | D:4      | Slain by Borgoz's ghost

Vault maps used:
D:1:      minmay_arrival_floating_metal
D:2:      nicolae_gozag_seed_capital, fedhas_altar_fruit_tree, uniq_natasha
D:3:      wad_floor_pattern_untrapped
D:4:      nicolae_ru_path_of_blood, kennysheep_little_box,
          nemelex_xobeh_ov_fountains_minmay, minmay_misc_feat_cross,
          uniq_duvessa

Vanquished Creatures
  The ghost of Borgoz the Skirmisher, an amateur HOAK of Lugonu Natasha (twice)
  3 gnolls
  6 adders
  A shadow imp
  2 oozes
  6 worms
  2 giant geckos
  5 orcs
  3 ball pythons
  4 giant cockroaches
  9 goblins
  10 hobgoblins
  3 jackals
  11 kobolds
  A quokka
  9 bats
  4 giant newts
  6 rats
88 creatures vanquished.
